 Dungeon Crawl Stone Soup version 0.28.0 (webtiles) character file.

Game seed: 5113552213636923892

102 danielguo94 the Cudgeller (level 4, 0/29 HPs)
             Began as a Gargoyle Fighter on Feb 8, 2022.
             Slain by a gnoll (7 damage)
             ... on level 1 of the Dungeon.
             The game lasted 00:02:13 (1805 turns).

danielguo94 the Cudgeller (Gargoyle Fighter)        Turns: 1805, Time: 00:02:14

Health: 0/29       AC: 11    Str: 22    XL:     4   Next: 77%
Magic:  4/4        EV:  9    Int:  8    God:
Gold:   92         SH:  4    Dex:  9    Spells: 3/3 levels left

rFire   . . .      SeeInvis .   a - +0 flail
rCold   . . .      Faith    .   c - +0 buckler
rNeg    + . .      Spirit   .   b - +0 scale mail
rPois   ∞          Reflect  .   (no helmet)
rElec   +          Harm     .   (no cloak)
rCorr   .          Rampage  .   k - +0 pair of gloves
Will    .....                   (no boots)
Stlth   ..........              (no amulet)
HPRegen 0.09/turn               (no ring)
MPRegen 0.09/turn               (no ring)

@: no status effects
A: sickness immunity, AC +3, negative energy resistance 1, electricity
resistance, torment resistance 1, petrification resistance
a: no special abilities


You were on level 1 of the Dungeon.
You visited 1 branch of the dungeon, and saw 2 of its levels.

You collected 92 gold pieces.

Inventory:

Hand Weapons
 a - a +0 flail (weapon)
Missiles
 g - 3 poisoned darts (quivered)
 n - 20 stones
Armour
 b - a +0 scale mail (worn)
 c - a +0 buckler (worn)
 k - a +0 pair of gloves (worn)
Jewellery
 f - an amulet of the acrobat
 h - a ring of magical power
Scrolls
 e - a scroll of silence
 j - a scroll of identify
 m - a scroll of fear {unknown}
 p - a scroll of magic mapping {unknown}
 r - a scroll of teleportation {unknown}
Potions
 d - a potion of might
 i - a potion of ambrosia {unknown}
 l - a potion of mutation {unknown}
 o - 2 potions of resistance {unknown}
 q - a potion of lignification {unknown}


   Skills:
 + Level 3.7 Fighting
 * Level 4.0 Maces & Flails
 + Level 3.7 Armour
 + Level 0.1 Dodging
 + Level 3.5 Shields


You had 3 spell levels left.
You didn't know any spells.
Your spell library was empty.

Dungeon Overview and Level Annotations

Branches:
Dungeon (2/15)

Altars:


Innate Abilities, Weirdness & Mutations

You are immune to sickness and miasma.
Your stone body is resilient. (AC +3)
You are immune to poison.
You resist negative energy. (rN+)
You are resistant to electric shocks. (rElec)
You are resistant to unholy torment.
You are immune to petrification.


Message History

You closely miss the gnoll.
The gnoll is almost dead.
The gnoll hits you but does no damage.
You sock the gnoll!
You kill the gnoll!
Your Maces & Flails skill increases to level 4!
No target in view!
You start resting.
HP restored.
You climb downwards.
There is a stone staircase leading up here.
The gnoll barely misses you.
There is a stone staircase leading up here.
The gnoll hits you but does no damage.
You climb upwards.
There is a stone staircase leading down here.
You sock the gnoll!
The gnoll is severely wounded.
You block the gnoll's attack.
You barely miss the gnoll.
The gnoll is severely wounded.
The gnoll hits you with a +0 halberd!
You closely miss the gnoll.
The gnoll is severely wounded.
You block the gnoll's attack.
You barely miss the gnoll.
The gnoll is severely wounded.
The gnoll hits you but does no damage.
You closely miss the gnoll.
The gnoll is heavily wounded.
The gnoll closely misses you. The gnoll hits you but does no damage.
You hit the gnoll but do no damage.
The gnoll is heavily wounded.
The gnoll hits you with a +0 halberd.
You hit the gnoll but do no damage.
The gnoll is heavily wounded.
The gnoll hits you with a +0 halberd!
* * * LOW HITPOINT WARNING * * *
The gnoll hits you from afar with a +0 halberd!
You die...

#.....# # #.....# #
##############.....# #
#...........##....(# #
#.#########.##.....####
#.#########.##..>.....#
#.#...................#
#.#.#...###...........#
#.#.###@#.'...........##
#.#.###>#.#...........#[
#######.#...g.#.#...........#.
#.............#.#...........#.
#.#...........#.#...........#.
#.#.###.......#.#...........#.
#.#.# #.......#.#...........#.
#.#.# #.#.###.#.#...........#.
#.#.###.#.##......#####.....#.


You could see a gnoll.

Vanquished Creatures
  2 gnolls (D:1)
  4 adders (D:2)
  A dart slug (D:2)
  2 ball pythons (D:2)
  4 endoplasms (D:1)
  4 giant cockroaches
  3 goblins
  7 hobgoblins (D:1)
  5 quokkas (D:1)
  4 bats
  A frilled lizard (D:2)
  3 kobolds
  3 rats (D:1)
43 creatures vanquished.

Vanquished Creatures (others)
  8 fungi (D:2)
  5 plants (D:2)
13 creatures vanquished.

Grand Total: 56 creatures vanquished

Notes
Turn   | Place    | Note
-------+----------+-------------------------------------------
     0 | D:1      | danielguo94 the Gargoyle Fighter began the quest for the
                  | Orb.
     0 | D:1      | Reached XP level 1. HP: 14/14 MP: 1/1
   376 | D:1      | Reached XP level 2. HP: 7/19 MP: 2/2
   820 | D:1      | Reached XP level 3. HP: 19/23 MP: 3/3
  1270 | D:2      | Reached skill level 3 in Maces & Flails
  1337 | D:2      | Reached XP level 4. HP: 29/29 MP: 4/4
  1700 | D:2      | Found a faded altar of an unknown god.
  1744 | D:1      | Reached skill level 4 in Maces & Flails
  1805 | D:1      | Slain by a gnoll

Illustrated notes

Levels and vault maps discovered:
D:1:      lightli_arrival_isolated_outpost, layout_basic, grunt_decor_fettered,
          minmay_tromino_v4_c
D:2:      layout_loops_ring, dreamdust_ecumenical_altar_grove

Skill      XL: |  1  2  3  4 |
---------------+-------------+-----
Maces & Flails | 3 4 |  4.0
Fighting       | |  3.7
Armour         | |  3.7
Dodging        | |  0.1
Shields        | |  3.5

Action                   |  1- 3 |  4- 6 || total
-------------------------+-------+-------++-------
Melee: Flail             |   102 |    46 ||   148
  Use: Scroll            |     2 |       ||     2
Armor: Scale mail        |    64 |    26 ||    90
Dodge: Dodged            |    60 |    29 ||    89
Block: Buckler           |    24 |    12 ||    36
